 Dungeon Crawl Stone Soup version 0.28-b1-1-g3c77fb2ed1 (webtiles) character file.

Game seed: 2603813190802256513

20 Descartes the Grasshopper (level 3, 0/27 HPs)
             Began as a Formicid Warper on Jan 28, 2022.
             Slain by an orange demon (5 damage)
             ... created by the fury of Makhleb
             ... on level 2 of the Dungeon.
             The game lasted 00:01:43 (1099 turns).

Descartes the Grasshopper (Formicid Warper)         Turns: 1099, Time: 00:01:43

Health: 0/27       AC:  4    Str: 17    XL:     3   Next: 0%
Magic:  6/6        EV: 11    Int: 12    God:
Gold:   39         SH:  0    Dex: 10    Spells: 6/6 levels left

rFire   . . .      SeeInvis +   a - +0 mace
rCold   . . .      Faith    .   (no shield)
rNeg    . . .      Spirit   .   b - +0 leather armour
rPois   .          Reflect  .   (helmet unavailable)
rElec   .          Harm     .   (no cloak)
rCorr   .          Rampage  .   (no gloves)
Will    .....                   e - +0 pair of boots
Stlth   +.........              (no amulet)
HPRegen 0.09/turn               (no ring)
MPRegen 0.10/turn               (no ring)

@: weakened
A: permanent stasis, dig shafts and tunnels, antennae 3, four strong arms
a: Dig, Shaft Self


You were on level 2 of the Dungeon.
You visited 1 branch of the dungeon, and saw 2 of its levels.

You collected 39 gold pieces.

Inventory:

Hand Weapons
 a - a +0 mace (weapon)
Missiles
 c - 5 boomerangs of dispersal (quivered)
 d - 33 stones
Armour
 b - a +0 leather armour (worn)
 e - a +0 pair of boots (worn)
Scrolls
 f - a scroll of acquirement {unknown}
 h - a scroll of holy word {unknown}
 j - a scroll of fog {unknown}
 k - 2 scrolls of identify {unknown}
Potions
 g - a potion of haste {unknown}
 i - a potion of attraction {unknown}


   Skills:
 - Level 2.1 Fighting
 - Level 2.0 Maces & Flails
 - Level 1.0 Throwing
 + Level 2.2 Armour
 - Level 1.7 Dodging
 - Level 2.1 Spellcasting
 + Level 3.1 Translocations


You had 6 spell levels left.
You didn't know any spells.
Your spell library contained the following spells:

 Spells                   Type           Power      Damage    Failure   Level
 Gell's Gravitas          Tloc           8%         N/A       26%         3
 Lesser Beckoning         Tloc           8%         N/A       26%         3
 Teleport Other           Tloc           8%         N/A       26%         3
 Shock                    Conj/Air       4%         1d3       32%         1
 Manifold Assault         Tloc           8%         N/A       94%         5
 Airstrike                Air            0%         N/A       97%         4
 Blink                    Tloc           Unusable   N/A       N/A         2
 Swiftness                Air            Unusable   N/A       N/A         3

Dungeon Overview and Level Annotations

Branches:
Dungeon (2/15)

Altars:
Makhleb


Innate Abilities, Weirdness & Mutations

You cannot be hasted, slowed, berserked, paralysed or teleported.
You can dig through walls and to a lower floor.
You have a pair of large antennae on your head. (SInv)
Your four strong arms can wield two-handed weapons with a shield.


Message History

The worm bites you.
You hit the worm but do no damage.
The worm is heavily wounded.
The worm closely misses you.
You sock the worm!
The worm is severely wounded.
The worm barely misses you.
You hit the worm.
The worm is almost dead.
The worm misses you.
You hit the worm.
You kill the worm!
You have reached level 3!
Your experience leads to an increase in your attributes!
Increase (S)trength, (I)ntelligence, or (D)exterity?
You feel stronger. x2
No target in view!
Makhleb sends a minion to punish you.
A ynoxinul comes into view.
You see here a worm corpse.
There is a stone staircase leading up here.
The ynoxinul hits you!
You climb upwards.
There is a stone staircase leading down here.
Makhleb sends a minion to punish you.
An orange demon comes into view.
You climb downwards.
There is a stone staircase leading up here.
The orange demon barely misses you. The orange demon hits you.
You feel your attacks grow feeble.
You climb upwards.
There is a stone staircase leading down here.
The orange demon stings you.
The orange demon hits you but does no damage.
You climb downwards.
There is a stone staircase leading up here.
The orange demon stings you!
* * * LOW HITPOINT WARNING * * *
The orange demon hits you.
You die...

## .#
.# .#
.# ##
.#
#.##4##
#..@..#
#.#.###
#{#3#
#†# #.#
#..
####


You could see an orange demon and a ynoxinul.

Vanquished Creatures
  A worm (D:2)
  A dart slug (D:1)
  2 endoplasms (D:1)
  A goblin (D:1)
  2 hobgoblins (D:1)
  2 quokkas (D:1)
  A ball python (D:1)
  3 frilled lizards (D:1)
  2 rats (D:1)
15 creatures vanquished.

Notes
Turn   | Place    | Note
-------+----------+-------------------------------------------
     0 | D:1      | Descartes the Formicid Warper began the quest for the Orb.
     0 | D:1      | Reached XP level 1. HP: 16/16 MP: 3/3
   266 | D:1      | Found a faded altar of an unknown god.
   270 | D:1      | Reached XP level 2. HP: 22/22 MP: 5/5
   287 | D:1      | Reached skill level 3 in Translocations
   314 | D:1      | Prayed at the altar of an unknown god.
   314 | D:1      | Became a worshipper of Makhleb the Destroyer
   314 | D:1      | Reached * piety under Makhleb
   315 | D:1      | Fell from the grace of Makhleb
   997 | D:2      | Reached XP level 3. HP: 20/27 MP: 6/6
  1027 | D:2      | Noticed a ynoxinul
  1093 | D:1      | Noticed an orange demon
  1099 | D:2      | Slain by an orange demon

Illustrated notes

Levels and vault maps discovered:
D:1:      minmay_arrival_shoal_huts, layout_loops_ring,
          hellmonk_ecumenical_altar_pennies_from_heaven
D:2:      layout_basic, serial_shops, nicolae_shop_overgrown_old_shop,
          grunt_decor_one_mirror, minmay_misc_feat_tiny, nrook_loot_triangle

Skill      XL: |  1  2 |
---------------+-------+-----
Translocations | 3 |  3.1
Armour         | 2 |  2.2
Fighting       | |  2.1
Maces & Flails | |  2.0
Throwing       | |  1.0
Dodging        | |  1.7
Spellcasting   | |  2.1

Action                   || total
-------------------------++-------
Melee: Mace              ||    46
Invok: Renounce Religion ||     1
Armor: Leather armour    ||    12
Dodge: Dodged            ||    34
